 Dungeon Crawl Stone Soup version 0.21-a0-509-gecc5317 (webtiles) character file.

420 Laiders the Ruffian (level 6, -3/47 HPs)
             Began as a Draconian Transmuter on Dec 1, 2017.
             Was an Initiate of Okawaru.
             Slain by Edmund
             ... wielding a +3 flail of protection
              (16 damage)
             ... on level 5 of the Dungeon.
             The game lasted 00:08:00 (5245 turns).

Laiders the Ruffian (Draconian Transmuter)          Turns: 5245, Time: 00:08:01

Health: -3/47      AC:  2    Str: 13    XL:     6   Next: 62%
Magic:  6/9        EV: 19    Int: 15    God:    Okawaru [......]
Gold:   157        SH:  0    Dex: 16    Spells: 3/9 levels left

rFire    . . .     SeeInvis .     - Unarmed
rCold    + . .     Gourm    .   (shield currently unavailable)
rNeg     . . .     Faith    .   (armour unavailable)
rPois    x         Spirit   .   (helmet currently unavailable)
rElec    .         Reflect  .   (cloak currently unavailable)
rCorr    .         Harm     .   (gloves currently unavailable)
MR       .....                  (boots currently unavailable)
Stlth    +.........             (no amulet)
HPRegen  0.15/turn              f - ring of protection from cold
MPRegen  0.11/turn              (no ring)

@: spider-form (expiring)
A: tiny, unfitting armour, AC +6
a: End Transformation, Renounce Religion


You were on level 5 of the Dungeon.
You worshipped Okawaru.
Okawaru was noncommittal.
You were not hungry.
You were a venomous arachnid creature.
You visited 2 branches of the dungeon, and saw 6 of its levels.

You collected 157 gold pieces.

Inventory:

Missiles
 a - 104 arrows
Armour
 s - a +1 pair of gloves (melded)
 w - a +2 pair of boots (melded)
 y - a +0 cloak (melded)
Jewellery
 f - a ring of protection from cold (left front leg)
 x - an uncursed amulet of faith
Wands
 z - a wand of polymorph (16)
Scrolls
 e - 2 scrolls of remove curse
 i - a scroll of immolation
 l - a scroll of fear {unknown}
 m - a scroll of fog {unknown}
 n - 2 scrolls of identify
 o - a scroll of noise
 q - a scroll of teleportation
 u - 2 scrolls of enchant weapon {unknown}
Potions
 d - 2 potions of curing
 g - 3 potions of heal wounds
 j - 3 potions of flight
 k - 2 potions of invisibility
 r - 2 potions of ambrosia {unknown}
 t - a potion of magic {unknown}
 v - a potion of cancellation {unknown}
Books
 b - a book of Changes

   Spells                             Type                      Level
   a - Beastly Appendage              Transmutation                1
   b - Sticks to Snakes               Transmutation                2
   c - Spider Form                    Transmutation/Poison         3
   d - Ice Form                       Ice/Transmutation            4
   e - Blade Hands                    Transmutation                5
Comestibles
 c - 2 bread rations


   Skills:
 - Level 1.1 Fighting
 - Level 1.7 Dodging
 + Level 5.7 Unarmed Combat
 - Level 2.0 Spellcasting
 + Level 5.2 Transmutations


You had 3 spell levels left.
You knew the following spells:

 Your Spells              Type           Power        Failure   Level  Hunger
a - Beastly Appendage     Tmut           ###...       10%         1    #......
b - Sticks to Snakes      Tmut           ###.....     12%         2    ###....
c - Spider Form           Tmut/Pois      #.........   43%         3    ###....


Dungeon Overview and Level Annotations

Branches:
Dungeon (5/15)             Temple (1/1) D:4

Altars:
Ashenzari
Cheibriados
Makhleb
Okawaru
Vehumet
Wu Jian
Zin

Annotations:
D:5 Edmund


Innate Abilities, Weirdness & Mutations

((Your plain brown scales are hard. (AC +6)))
You cannot fit into any form of body armour.
((You are cold-blooded and may be slowed by cold attacks.))


Message History

Found 17 gold pieces.
Edmund says, "People accused me of being a cutpurse!"
Your transformation has ended.
Your +0 cloak unmelds from your body.
Your +1 pair of gloves unmelds from your body.
Your +2 pair of boots unmelds from your body.
Edmund clears his throat.
You eat the royal jelly.
That royal jelly was delicious!
Casting: Spider Form
Confirm with . or Enter, or press ? or * to list all spells.
You turn into a venomous arachnid creature.
Your +0 cloak melds into your body.
Your +1 pair of gloves melds into your body.
Your +2 pair of boots melds into your body.
Edmund hits you with a flail of protection!
* * * LOW HITPOINT WARNING * * *
You hit Edmund but do no damage.
Edmund looks even sicker.
Edmund is heavily wounded.
Edmund hits you with a flail of protection!
You die...

##### #.#.#
#######.#<#
......$.#.#
#s#.# #@#.#
#.#.# #.#.#
######.#.#
#......#.#
#......#.#
#......#.#####
#######.#.#...#


You could see Edmund.

Vanquished Creatures
  2 scorpions (D:4)
  A hound (D:3)
  Crazy Yiuf (D:3)
  Jessica (D:3)
  Terence (D:2)
  Natasha (twice) (D:3)
  2 worker ants (D:4)
  2 adders
  A howler monkey skeleton (D:4)
  2 oozes
  2 worms (D:4)
  4 dart slugs
  2 leopard geckos
  5 orcs
  A ball python (D:2)
  2 giant cockroaches
  5 goblins
  3 hobgoblins
  8 jackals
  2 quokkas
  A ball python zombie (D:5)
  3 bats
  4 frilled lizards
  6 kobolds
  6 rats (D:1)
69 creatures vanquished.

Notes
Turn   | Place    | Note
-------+----------+-------------------------------------------
     0 | D:1      | Laiders the Draconian Transmuter began the quest for the Orb.
     0 | D:1      | Reached XP level 1. HP: 16/16 MP: 3/3
   126 | D:1      | Reached XP level 2. HP: 6/23 MP: 5/5
  1219 | D:2      | Reached XP level 3. HP: 23/28 MP: 6/6
  1247 | D:2      | Learned a level 2 spell: Sticks to Snakes
  1251 | D:2      | Learned a level 3 spell: Spider Form
  1267 | D:2      | Noticed Terence
  1286 | D:2      | Killed Terence
  1425 | D:2      | Reached XP level 4. HP: 35/35 MP: 5/7
  2508 | D:3      | Noticed Jessica
  2519 | D:3      | Killed Jessica
  2815 | D:3      | Found a runed door.
  2944 | D:3      | Found a snail-covered altar of Cheibriados.
  3190 | D:3      | Noticed Natasha
  3194 | D:3      | Killed Natasha
  3194 | D:3      | Reached XP level 5. HP: 40/40 MP: 6/8
  3356 | D:3      | Noticed Natasha
  3363 | D:3      | Killed Natasha
  3389 | D:3      | Noticed Crazy Yiuf
  3399 | D:3      | Killed Crazy Yiuf
  3599 | D:3      | Reached skill level 5 in Unarmed Combat
  3677 | D:4      | Reached XP level 6. HP: 33/47 MP: 5/9
  4050 | D:4      | Reached skill level 5 in Transmutations
  4435 | D:4      | Found a shattered altar of Ashenzari.
  4966 | D:4      | Found a staircase to the Ecumenical Temple.
  5072 | D:5      | Entered Level 5 of the Dungeon
  5109 | Temple   | Entered the Ecumenical Temple
  5127 | Temple   | Became a worshipper of Warmaster Okawaru
  5216 | D:5      | Noticed Edmund
  5245 | D:5      | Slain by Edmund

Vault maps used:
D:1:      onia_arrival_pentagram
D:2:      uniq_terence
D:3:      kennysheep_slug_shrine, first_bread, uniq_natasha, uniq_jessica,
          uniq_crazy_yiuf_cottage
D:4:      evilmike_ruin_ashenzari, minmay_temple_entry_nine_rooms
D:5:      lemuel_doored_altar, uniq_prince_ribbit1, uniq_edmund
Temple:   zaba_magenta_temple

Skill      XL: |  1  2  3  4  5  6 |
---------------+-------------------+-----
Transmutations | 3 4 5 |  5.2
Unarmed Combat | 4 5 |  5.7
Fighting       | |  1.1
Dodging        | |  1.7
Spellcasting   | |  2.0

Action                   |  1- 3 |  4- 6 || total
-------------------------+-------+-------++-------
Melee: Unarmed           |   135 |   188 ||   323
       Tailslap          |    17 |    17 ||    34
       Headbutt          |     3 |    11 ||    14
       Punch             |     2 |     1 ||     3
       Kick              |     4 |       ||     4
 Cast: Beastly Appendage |     3 |     6 ||     9
       Spider Form       |       |     3 ||     3
  Use: Scroll            |     1 |    11 ||    12
  Eat: Chunk             |     2 |    10 ||    12
       Royal jelly       |       |     1 ||     1
Armor: Skin              |    39 |    74 ||   113
Dodge: Dodged            |   102 |   133 ||   235

Table legend:
 A = Spawn XP
 B = Non-spawn XP
 C = Spawn XP percentage of total XP
 D = Spawn monster count
 E = Non-spawn monster count
 F = Spawn count percentage of total count
 G = Total turns spent on level
                    A         B        C        D         E        F      G
               +---------+---------+-------+---------+---------+-------+---------
         Total |       0 |     601 |   0.0 |       0 |      69 |   0.0 |  5245
               +---------+---------+-------+---------+---------+-------+---------
           D:1 |       0 |      39 |   0.0 |       0 |      23 |   0.0 |  1196
           D:2 |       0 |      69 |   0.0 |       0 |      10 |   0.0 |  1062
           D:3 |       0 |     239 |   0.0 |       0 |      21 |   0.0 |  1348
           D:4 |       0 |     253 |   0.0 |       0 |      14 |   0.0 |  1536
           D:5 |       0 |       1 |   0.0 |       0 |       1 |   0.0 |    71
               +---------+---------+-------+---------+---------+-------+---------
